Map: Blackburn LE

Players

Serral - Winner!

  • Race: Zerg Zerg

DPGrogue (Rogue)

  • Race: Zerg Zerg

Event: TSL 8

VOD

Have the link to the VOD?

Description

Time

  • Played on: Dec. 12, 2021, 8:14 a.m.
  • Length: 9:04

All games in this series

Show
View Real Time Build Order
Export as new Build Order

Serral Zerg - Winner!

Build Orders: Hatch First, Roach Nydus 

Get SALT Encoding   

  12  0:00  Drone  
  13  0:12  Overlord  
  13  0:16  Drone  
  14  0:30  Drone  
  14  0:31  Drone  
  16  0:47  Hatchery  
  15  0:51  Drone  
  15  0:54  Drone  
  17  0:58  Drone  
  18  1:08  Extractor  
  17  1:13  Spawning Pool  
  17  1:16  Drone  
  17  1:20  Drone  
  18  1:28  Drone  
  19  1:38  Drone  
  20  1:58  Drone  
  20  1:59  Queen x2  
  20  2:00  Zergling x2  
  26  2:02  Overlord  
  26  2:10  Drone x2  
  28  2:21  Drone x2  
  30  2:32  Drone x2  
  30  2:35  Queen x2  
  36  2:42  Overlord  
  36  2:45  Overlord  
  36  2:58  Evolution Chamber  
  34  2:59  Drone  
  34  3:00  Drone  
  34  3:04  Drone x2  
  38  3:08  Drone x5  
  38  3:09  Drone  
  44  3:16  Lair  
  44  3:24  Roach Warren  
  44  3:26  Zerg Missile Weapons Level 1  
  43  3:30  Drone x2  
  43  3:33  Drone x2  
  47  3:35  Extractor  
  47  3:36  Extractor  
  45  3:42  Drone, Extractor  
  45  3:43  Drone  
  45  3:45  Drone x3  
  49  3:49  Drone x2  
  49  3:50  Drone  
  49  3:55  Overlord  
  52  3:57  Overlord  
  52  4:15  Drone  
  52  4:16  Spire  
  52  4:17  Drone  
  53  4:21  Glial Reconstitution  
  53  4:22  Overlord  
  53  4:25  Drone  
  53  4:26  Drone x2  
  53  4:28  Roach x2  
  53  4:29  Roach x2  
  64  4:37  Overlord  
  64  4:43  Roach  
  66  4:49  Roach x5  
  66  4:51  Overseer  
  76  4:59  Overlord  
  80  5:10  Nydus Network  
  80  5:12  Overlord x2  
  79  5:28  Mutalisk x3  
  77  5:33  Hatchery  
  77  5:34  Evolution Chamber, Mutalisk  
  77  5:35  Mutalisk  
  84  5:42  Drone x4  
  88  5:43  Drone  
  88  5:47  Roach x2  
  93  5:50  Roach  
  95  5:57  Roach x2  
  95  5:58  Roach x2  
  103  6:05  Zerg Missile Weapons Level 2  
  103  6:23  Overlord x2  
  103  6:24  Roach  
  103  6:25  Roach  
  107  6:28  Overlord x2  
  107  6:29  Zerg Ground Armor Level 1  
  107  6:32  Overlord  
  107  6:36  Roach x5  
  107  6:42  Roach x2  
  111  6:52  Roach x3  
  117  6:58  Roach x4  
  125  7:02  Overlord x2  
  125  7:05  Roach x2  
  125  7:06  Roach  
  131  7:16  Roach x3  
  131  7:18  Ravager  
  138  7:23  Roach x2  
  138  7:24  Roach  
  144  7:33  Roach x4  
  152  7:39  Roach x3  
  157  7:47  Roach x2  
  157  7:50  Overlord x2  
  157  7:51  Overlord  
  161  7:56  Overlord  
  161  8:02  Ravager  
  161  8:03  Overlord  
  162  8:10  Ravager, Roach x5  
  173  8:15  Roach x2  
  171  8:25  Roach x2  
  171  8:26  Roach x3  
  169  8:29  Roach  
  169  8:34  Roach x2  
  155  8:37  Roach x2  
Show
View Real Time Build Order
Export as new Build Order

DPGrogue Zerg 

Build Orders: Pool First 

Get SALT Encoding   

  12  0:00  Drone  
  13  0:12  Overlord  
  13  0:17  Drone  
  14  0:31  Drone x2  
  16  0:41  Spawning Pool  
  15  0:44  Drone  
  15  0:48  Drone  
  17  1:08  Hatchery  
  16  1:11  Drone  
  17  1:25  Extractor  
  16  1:27  Queen  
  16  1:28  Zergling x2  
  19  1:39  Drone  
  21  1:40  Drone x2  
  22  1:52  Overlord  
  22  2:09  Queen  
  22  2:11  Drone  
  22  2:13  Drone  
  26  2:20  Queen  
  26  2:21  Drone  
  29  2:23  Drone  
  30  2:32  Drone  
  30  2:35  Zergling x2, Overlord  
  33  2:37  Drone x2  
  33  2:44  Drone  
  35  2:47  Metabolic Boost  
  35  2:49  Drone  
  36  2:55  Drone  
  37  3:01  Drone  
  38  3:09  Drone x4  
  38  3:10  Drone  
  38  3:12  Lair  
  43  3:18  Overlord  
  43  3:19  Drone  
  44  3:25  Evolution Chamber  
  43  3:29  Drone  
  43  3:31  Overlord  
  44  3:42  Hatchery  
  44  3:45  Zergling x12  
  44  3:47  Zergling x2  
  50  3:52  Overlord  
  50  3:55  Extractor x2  
  48  3:58  Drone x2  
  48  3:59  Drone  
  51  4:04  Zerg Ground Armor Level 1  
  51  4:10  Roach Warren  
  51  4:15  Zergling x6  
  53  4:18  Zergling x4  
  53  4:20  Overseer  
  55  4:27  Drone  
  55  4:28  Drone x2  
  57  4:32  Drone x2  
  59  4:40  Drone x2  
  59  4:41  Overlord  
  61  4:51  Roach x3  
  61  4:52  Overlord  
  67  4:56  Overlord  
  67  5:02  Overlord  
  67  5:04  Overlord  
  67  5:10  Hydralisk Den  
  67  5:13  Drone x3  
  69  5:15  Overseer  
  69  5:18  Drone x2  
  69  5:20  Drone  
  72  5:22  Extractor  
  72  5:25  Drone x3  
  74  5:31  Roach x2  
  74  5:34  Glial Reconstitution  
  78  5:38  Drone  
  78  5:40  Drone  
  80  5:43  Overlord  
  80  5:44  Overseer  
  80  5:47  Grooved Spines  
  80  5:49  Hydralisk x3  
  86  5:53  Spore Crawler  
  86  5:55  Spore Crawler  
  83  5:57  Roach  
  83  5:58  Roach  
  83  6:02  Spore Crawler  
  88  6:04  Roach x2  
  88  6:06  Overlord  
  88  6:10  Evolution Chamber  
  89  6:13  Roach x2  
  89  6:14  Roach  
  89  6:17  Overlord  
  94  6:23  Roach  
  96  6:25  Overlord  
  96  6:31  Hydralisk  
  96  6:32  Hydralisk  
  100  6:34  Ravager  
  99  6:41  Hydralisk x2  
  103  6:48  Zerg Missile Weapons Level 1  
  103  6:55  Drone x2  
  103  6:56  Drone, Extractor  
  103  6:57  Drone  
  103  6:58  Muscular Augments  
  106  7:05  Overlord  
  106  7:08  Roach  
  106  7:09  Roach, Overlord  
  106  7:13  Overlord  
  110  7:16  Roach x2, Overlord  
  110  7:19  Overlord  
  112  7:25  Roach x3  
  112  7:28  Roach x2  
  122  7:35  Roach  
  120  7:37  Roach x3  
  120  7:44  Roach x3  
  129  7:45  Ravager  
  129  7:50  Roach  
  129  7:51  Roach x2  
  136  7:55  Roach x2  
  136  7:57  Roach  
  141  8:00  Roach  
  139  8:10  Roach x4  
  146  8:14  Roach  
  146  8:16  Roach  
  146  8:17  Roach  
  146  8:19  Roach  
  149  8:21  Roach  
  149  8:24  Roach  
  149  8:26  Roach  
  128  8:30  Roach  
  128  8:32  Roach  
  128  8:34  Roach  
Tags
 
Add a new tag
Caveats
  • Supply blocks, unpowered buildings, or Contaminate may cause inaccurate times.
  • Supply counts are checked every 10 seconds.